 Dungeon Crawl Stone Soup version 0.23-a0-386-g9c9d49f (webtiles) character file.

67 Cryolive the Digger (level 4, 0/24 HPs)
             Began as a Gargoyle Earth Elementalist on Oct 28, 2018.
             Slain by a gnoll
             ... wielding a +0 halberd of protection
              (2 damage)
             ... on level 3 of the Dungeon.
             The game lasted 00:03:41 (2027 turns).

Cryolive the Digger (Gargoyle Earth Elementalist)   Turns: 2027, Time: 00:03:42

Health: 0/24       AC:  7    Str: 12    XL:     4   Next: 18%
Magic:  7/8        EV: 12    Int: 16    God:
Gold:   54         SH:  0    Dex: 10    Spells: 5/9 levels left

rFire    . . .     SeeInvis .   i - +2 dagger (flame)
rCold    . . .     Gourm    .   (no shield)
rNeg     + . .     Faith    .   c - +0 robe
rPois    ∞         Spirit   .   (no helmet)
rElec    +         Reflect  .   (no cloak)
rCorr    .         Harm     .   e - +1 pair of gloves
MR       +....                  (no boots)
Stlth    ++........             (no amulet)
HPRegen  0.08/turn              f - ring of protection from magic
MPRegen  0.11/turn              (no ring)

@: no status effects
A: negative energy resistance 1, electricity resistance, unbreathing,
petrification resistance, rot immunity, AC +3
a: no special abilities


You were on level 3 of the Dungeon.
You were not hungry.

You visited 1 branch of the dungeon, and saw 3 of its levels.

You collected 54 gold pieces.

Inventory:

Hand Weapons
 i - a +2 dagger of flaming (weapon)
Missiles
 b - 46 stones (quivered)
Armour
 c - a +0 robe (worn)
 e - a +1 pair of gloves (worn)
Jewellery
 f - a ring of protection from magic (left hand)
Scrolls
 a - a scroll of enchant weapon {unknown}
 h - a scroll of identify {unknown}
 j - a scroll of remove curse {unknown}
 k - a scroll of fear {unknown}
Potions
 g - a potion of curing {unknown}
 l - a potion of flight {unknown}
 m - a potion of might {unknown}
Comestibles
 d - a ration


   Skills:
 - Level 1.5 Dodging
 - Level 2.1 Stealth
 + Level 3.0 Spellcasting
 + Level 1.3 Conjurations
   Level 0.7 Transmutations
 + Level 4.7 Earth Magic


You had 5 spell levels left.
You knew the following spells:

 Your Spells              Type           Power        Failure   Level  Hunger
a - Sandblast             Erth           ###...       2%          1    #......
b - Stone Arrow           Conj/Erth      ##....       16%         3    ###....

Your spell library contained the following spells:

 Spells                   Type           Power        Failure   Level  Hunger
 Passwall                 Tmut/Erth      ##......     10%         2    ##.....
 Petrify                  Tmut/Erth      ##......     52%         4    #####..
 Lee's Rapid Deconstruct  Erth           ###.......   58%         5    ######.


Dungeon Overview and Level Annotations

Branches:
Dungeon (3/15)

Altars:
Cheibriados

Annotations:
D:2 Robin


Innate Abilities, Weirdness & Mutations

You are resistant to torment.
Your stone body is resilient. (AC +3)
You are immune to poison.
You resist negative energy. (rN+)
You are resistant to electric shocks. (rElec)
You can survive without breathing.
You are immune to petrification.
You are immune to rotting.


Message History

The worm is heavily wounded.
The worm bites you.
The gnoll hits you from afar with a +0 halberd of protection.
* * * LOW HITPOINT WARNING * * *
You completely miss the worm.
The worm is heavily wounded.
The gnoll hits you from afar with a +0 halberd of protection.
* * * LOW HITPOINT WARNING * * *
The worm bites you but does no damage.
You hit the worm. You burn the worm.
The worm is severely wounded.
Casting: Sandblast (safe; 2% risk of failure)
Confirm with . or Enter, or press ? or * to list all spells.
Aiming: Sandblast (safe; 2% risk of failure)
Press: ? - help, Shift-Dir - straight line, f - worm
Aim: a worm (severely wounded)
The blast of sand misses the worm.
The blast of sand hits the gnoll.
b - 46 stones The gnoll hits you from afar with a +0 halberd of protection.
You die...

... !.. ..# ..
#.# #. #.#
#.### #.# #...
. #.#
#..#####....
#.# #..)@wg..#
#.# ##.#######
#<##########.#
#............#
##############


You could see a worm and a gnoll.

Vanquished Creatures
  2 gnolls
  5 dart slugs
  A leopard gecko (D:1)
  2 giant cockroaches (D:1)
  6 goblins (D:1)
  6 hobgoblins
  2 jackals (D:1)
  2 kobolds (D:1)
  4 bats
  A frilled lizard (D:1)
  3 rats
34 creatures vanquished.

Notes
Turn   | Place    | Note
-------+----------+-------------------------------------------
     0 | D:1      | Cryolive the Gargoyle Earth Elementalist began the quest
                  | for the Orb.
     0 | D:1      | Reached XP level 1. HP: 10/10 MP: 3/3
    66 | D:1      | Reached skill level 4 in Earth Magic
    66 | D:1      | Reached XP level 2. HP: 4/15 MP: 3/5
   454 | D:1      | Reached XP level 3. HP: 10/19 MP: 6/6
   459 | D:1      | Learned a level 3 spell: Stone Arrow
  1487 | D:2      | Noticed Robin
  1617 | D:2      | Reached skill level 1 in Conjurations
  1672 | D:2      | Found a snail-covered altar of Cheibriados.
  1828 | D:2      | Reached XP level 4. HP: 24/24 MP: 8/8
  2027 | D:3      | Slain by a gnoll

Vault maps used:
D:1:      sevenhm_arrival_forest_fort_small_6
D:2:      cheibriados_altar_1, chequers_serial_rivers_micro_c, uniq_robin
D:3:      ebering_ghost_inner_flame, wad_woods_river_04,
          kennysheep_generic_room_15

Skill      XL: |  1  2  3  4 |
---------------+-------------+-----
Earth Magic    | 4 |  4.7
Conjurations   | 1 |  1.3
Spellcasting   | 3 |  3.0
Dodging        | |  1.5
Stealth        | |  2.1
Transmutations | |  0.7

Action                   |  1- 3 |  4- 6 || total
-------------------------+-------+-------++-------
Melee: Unarmed           |     9 |       ||     9
       Club              |    68 |       ||    68
       Spear             |    22 |       ||    22
       Dagger            |    41 |     9 ||    50
 Cast: Sandblast         |    13 |     3 ||    16
 Stab: Sleeping          |     3 |       ||     3
  Eat: Chunk             |     2 |     2 ||     4
Armor: Robe              |    60 |     1 ||    61
Dodge: Dodged            |   120 |     5 ||   125

Table legend:
 A = Non-vault XP
 B = Vault XP
 C = Vault XP percentage of total XP
 D = Non-vault monster count
 E = Vault monster count
 F = Vault count percentage of total count
                 A         B        C        D         E       F
            +---------+---------+-------+---------+---------+-------
      Total |      91 |       6 |   6.2 |      31 |       3 |   8.8
            +---------+---------+-------+---------+---------+-------
        D:1 |      66 |       6 |   8.3 |      25 |       3 |  10.7
        D:2 |      10 |       0 |   0.0 |       5 |       0 |   0.0
        D:3 |      15 |       0 |   0.0 |       1 |       0 |   0.0
            +---------+---------+-------+---------+---------+-------
